 Dungeon Crawl Stone Soup version 0.22-a0-480-g991dd4b (webtiles) character file.

80 rogsnak the Digger (level 4, -6/24 HPs)
             Began as a Gargoyle Earth Elementalist on June 14, 2018.
             Splashed by a jelly's acid (10 damage)
             ... on level 3 of the Dungeon.
             The game lasted 00:06:42 (3256 turns).

rogsnak the Digger (Gargoyle Earth Elementalist)    Turns: 3256, Time: 00:06:42

Health: -6/24      AC:  1    Str: 11    XL:     4   Next: 39%
Magic:  6/7        EV: 12    Int: 17    God:
Gold:   58         SH:  0    Dex: 10    Spells: 4/8 levels left

rFire    . . .     SeeInvis .   o - +0 dagger (venom)
rCold    . . .     Gourm    .   (no shield)
rNeg     + . .     Faith    .   c - +0 robe
rPois    ∞         Spirit   .   (no helmet)
rElec    +         Reflect  .   (no cloak)
rCorr    .         Harm     .   (no gloves)
MR       .....                  (no boots)
Stlth    ++........             (no amulet)
HPRegen  0.08/turn              (no ring)
MPRegen  0.10/turn              (no ring)

@: corroded
A: negative energy resistance 1, electricity resistance, unbreathing,
petrification resistance, rot immunity, AC +3
a: no special abilities


You were on level 3 of the Dungeon.
You were hungry.

You visited 1 branch of the dungeon, and saw 3 of its levels.

You collected 58 gold pieces.

Inventory:

Hand Weapons
 j - a +0 spear
 m - a +0 dagger
 n - a +0 glaive
 o - a +0 dagger of venom (weapon)
 p - a +0 hunting sling
 s - a cursed -2 great sword
 t - a +0 trident
 u - a +0 long sword
Missiles
 b - 70 stones (quivered)
 h - 58 arrows
 i - 22 bolts
 q - 7 sling bullets
Armour
 c - a +0 robe (worn)
Scrolls
 a - a scroll of teleportation {unknown}
 f - a scroll of magic mapping {unknown}
 g - 2 scrolls of identify {unknown}
Potions
 e - 2 potions of cancellation {unknown}
 k - a potion of haste {unknown}
 l - a potion of heal wounds {unknown}
 r - 2 potions of agility {unknown}
 v - a potion of invisibility {unknown}
Comestibles
 d - 5 rations


   Skills:
 + Level 0.4 Fighting
 + Level 2.7 Dodging
 - Level 2.1 Stealth
 + Level 2.6 Spellcasting
   Level 0.7 Transmutations
 + Level 4.5 Earth Magic


You had 4 spell levels left.
You knew the following spells:

 Your Spells              Type           Power        Failure   Level  Hunger
a - Sandblast             Erth           ###...       3%          1    #......
b - Stone Arrow           Conj/Erth      #.....       22%         3    ###....

Your spell library contained the following spells:

 Spells                   Type           Power        Failure   Level  Hunger
 Passwall                 Tmut/Erth      ##......     10%         2    ##.....
 Lee's Rapid Deconstruct  Erth           ###.......   63%         5    ######.
 Petrify                  Tmut/Erth      ##......     52%         4    #####..


Dungeon Overview and Level Annotations

Branches:
Dungeon (3/15)

Altars:
Fedhas
Hepliaklqana
Yredelemnul
The Shining One

Annotations:
D:3 Sigmund; jiveturtle's ghost, amateur DrCj


Innate Abilities, Weirdness & Mutations

You are resistant to torment.
Your stone body is resilient. (AC +3)
You are immune to poison.
You resist negative energy. (rN+)
You are resistant to electric shocks. (rElec)
You can survive without breathing.
You are immune to petrification.
You are immune to rotting.


Message History

You hit the jelly but do no damage.
The jelly is poisoned.
Your hands burn!
The jelly hits you but does no damage.
You hit the jelly.
The jelly looks as sick as possible!
Your hands burn!
The jelly is moderately wounded.
The jelly hits you but does no damage.
You hit the jelly.
The jelly looks as sick as possible!
Your hands burn!
* * * LOW HITPOINT WARNING * * *
The jelly is severely wounded.
The jelly barely misses you.
Cast which spell? (? or * to list)
Aiming: Sandblast (safe; 3% risk of failure)
Press: ? - help, Shift-Dir - straight line, f - jelly
Aim: a jelly (severely wounded, poisoned)
The blast of sand hits the jelly.
The jelly is almost dead.
b - 70 stones The jelly hits you.
* * * LOW HITPOINT WARNING * * *
The acid corrodes you!
You are splashed with acid!
The acid burns!
You die...

# # #. #. #. #. #.
#. #.## #### #@##
#...###J#
####.##.#.##
##......#.###.##
#.(......J.....r..
#.#.##.#h#####....
. #.#.##.#.#
..##.# #.#.##.#.#
###. S..
#.#.##.#.# #..
l...


You could see a jelly.

Vanquished Creatures
  4 adders (D:3)
  An ooze (D:3)
  A worm (D:3)
  A dart slug (D:1)
  A ball python (D:1)
  4 giant cockroaches
  3 goblins
  3 hobgoblins (D:1)
  4 jackals (D:3)
  2 kobolds
  4 bats
  A frilled lizard (D:1)
  3 rats
  A spectral orc (D:2)
33 creatures vanquished.

Notes
Turn   | Place    | Note
-------+----------+-------------------------------------------
     0 | D:1      | rogsnak the Gargoyle Earth Elementalist began the quest for the Orb.
     0 | D:1      | Reached XP level 1. HP: 10/10 MP: 3/3
   348 | D:1      | Reached skill level 4 in Earth Magic
   378 | D:1      | Reached XP level 2. HP: 6/15 MP: 0/5
  1461 | D:2      | Found a hazy altar of Hepliaklqana.
  1682 | D:2      | Found a glowing golden altar of the Shining One.
  1763 | D:2      | Reached XP level 3. HP: 18/19 MP: 6/6
  1830 | D:2      | Found a basalt altar of Yredelemnul.
  2189 | D:3      | Learned a level 3 spell: Stone Arrow
  2202 | D:3      | Noticed jiveturtle's ghost (amateur DrCj)
  2669 | D:3      | Found a blossoming altar of Fedhas.
  3209 | D:3      | Reached XP level 4. HP: 21/24 MP: 7/7
  3220 | D:3      | Noticed Sigmund
  3256 | D:3      | Splashed by a jelly's acid

Vault maps used:
D:1:      dpeg_arrival_rooms_c, roderic_serpentine_path
D:2:      yredelemnul_forgotten_temple_becter, lemuel_crystal_altar,
          hangedman_abyss_or_decor_stabs, nicolae_tso_carved_into_rock
D:3:      fedhas_altar_1, uniq_sigmund

Skill      XL: |  1  2 |
---------------+-------+-----
Earth Magic    | 4 |  4.5
Dodging        | 2 |  2.7
Fighting       | |  0.4
Stealth        | |  2.1
Spellcasting   | |  2.6
Transmutations | |  0.7

Action                   |  1- 3 |  4- 6 || total
-------------------------+-------+-------++-------
Melee: Unarmed           |   165 |       ||   165
       Spear             |     3 |       ||     3
       Dagger            |    60 |    21 ||    81
 Cast: Sandblast         |    11 |     1 ||    12
 Stab: Sleeping          |     4 |       ||     4
  Eat: Chunk             |     7 |       ||     7
Armor: Robe              |    71 |    14 ||    85
Dodge: Dodged            |   173 |    23 ||   196

Table legend:
 A = Spawn XP
 B = Non-spawn XP
 C = Spawn XP percentage of total XP
 D = Spawn monster count
 E = Non-spawn monster count
 F = Spawn count percentage of total count
 G = Total turns spent on level
                    A         B        C        D         E        F      G
               +---------+---------+-------+---------+---------+-------+---------
         Total |       0 |     115 |   0.0 |       0 |      33 |   0.0 |  3256
               +---------+---------+-------+---------+---------+-------+---------
           D:1 |       0 |      28 |   0.0 |       0 |      15 |   0.0 |  1418
           D:2 |       0 |       9 |   0.0 |       0 |       5 |   0.0 |  1205
           D:3 |       0 |      78 |   0.0 |       0 |      13 |   0.0 |   633
               +---------+---------+-------+---------+---------+-------+---------
